← All builds
Geo / Armada / Economy first / OBSERVED BUILD

Sharpshooter snipers

Armada Geo build order · Supreme Isthmus

Geo builds an Advanced Bot Lab and pushes T2 Sharpshooter snipers to the middle from about 8:30, trading the usual vehicle/Starlight push for bot snipers.

Usually blows up the commander for T2 (66%)

#t2 #raid · 40 distinct matches · 26 players · 1% of Armada Geo games · team won 41% of 41 · Recently observed

THE CATCH, AND WHAT COMES WITH IT
  • SharpshooterT2 bot snipers from 8:30 · 3% of role by thenFrom the Advanced Bot Lab. Only 3% of Geo games have it by then; others who build it get it around 9:32
  • Advanced Bot LabAdvanced Bot Lab in 100%7% of all Geo games by then
  • SmugglerJammer bot in 90%3% of all Geo games by then
  • SharpshooterSniper bot in 44%2% of all Geo games by then
  • SprinterSprinter in 44%5% of all Geo games by then

Where those units first fight, in 41 games with kill data: in the middle 88%, on their own side 12%.

Those units destroy a typical 4,761 metal of enemy units by 15:00.

Then transitions into Welder (10% of army).

HOW TO PLAY IT

Key timing: Advanced Bot Lab by 6:51

  1. Open mex and wind into geo, standard Geo eco start.
  2. Rush Advanced Bot Lab straight off geothermal power.
  3. Pump Sharpshooter sniper bots to hold the middle.
  4. Add jammer bot support behind the snipers for cover.
  5. Shift build power to T2 cons and supply allies as usual.

Phase by phase

TYPICAL OF ITS 40 GAMES · AGAINST STANDARD GEO
  1. 1
  2. 2
  3. 3
  4. 4
  5. 5
PLAY THE OPENING

Follow the example game's first 9:31 step by step: what to build now, what comes next, and where it goes. At 1× it keeps pace with your own game.

  1. 1

    Up to the Bot Lab

    Economy
    • Metal Extractor3Mex
    • Wind Turbine4Wind
    Order
    1. Bot LabBot Lab after 3 mex, 4 winddone ~1:12, middle half 0:59–1:22

    By 0:55 in all: 3 mex · 4 wind

    The example game in this phase · 3 steps
    1. Mex ×2
    2. Wind ×4
    3. Bot LabBot Labdone 0:59 · typical 1:12
  2. 2

    Bot Lab to 5:00

    Economy
    • Metal Extractor1Mex
    • Wind Turbine4Wind
    • Energy Converter7Converter
    • Energy Storage1Energy storage
    Order
    1. Geothermal PowerplantGeo after 4 mex, 6 wind
    2. Bot LabEat Bot Lab
    Builders
    • Construction Turret5 Con turret
    • Lazarus4 Lazarus
    • Construction Bot2 Con bot
    • Lazarus1 Lazarus for allies
    • Construction Bot1 Con bot for allies

    By 5:00 in all: 4 mex · 7 wind · 1 geo · 7 converter · 1 energy storage · 5 con turret

    The example game in this phase · 24 steps
    1. LazarusLazarus
    2. LazarusLazarusfor Front
    3. Wind ×2
    4. Construction BotCon botfor Beach sea
    5. LazarusLazarus
    6. Construction BotCon bot
    7. Mex
    8. LazarusLazarusfor Beach sea
    9. Construction BotCon bot
    10. Wind
    11. Mex
    12. CenturionCenturion
    13. LazarusLazarus
    14. Mex
    15. Geothermal PowerplantGeodone 3:18 · typical 3:29
    16. Con turret ×2
    17. Converter ×2
    18. Bot LabEat Bot Labreclaimed for its metal
    19. Con turret
    20. Converter
    21. Con turret
    22. Converter
    23. Energy storage
    24. Con turret ×2
  3. 3

    5:00 to Advanced Bot Lab

    Order
    1. Advanced Geothermal PowerplantAdvanced Geothermal Powerplant after 11 wind, 9 converter, 6 con turretin 56% of games
    2. Advanced Bot LabAdvanced Bot Lab after 10 wind, 9 converter, 6 con turretdone ~7:44, middle half 5:33–8:12

    Some games also: con turret (46%) · converter (44%) · wind (39%)

    By 7:03 in all: 4 mex · 11 wind · 1 geo · 1 Advanced Geothermal Powerplant · 9 converter · 1 energy storage

    The example game in this phase · 6 steps
    1. Converter ×2
    2. Advanced Metal ExtractorT2 mex ×3done 5:28 · typical 5:41
    3. Wind ×3
    4. Advanced Metal ExtractorT2 mex
    5. Advanced Geothermal PowerplantAdvanced Geothermal Powerplantdone 7:02 · typical 7:25
    6. Advanced Bot LabAdvanced Bot Labdone 7:42 · typical 7:44
  4. 4

    Advanced Bot Lab to T2 bot snipers

    Order
    1. SharpshooterT2 bot snipers after 16 wind, 12 converter, 6 con turretdone ~8:51, middle half 7:55–9:40

    Some games also: converter (49%) · T2 con bot for allies (41%) · wind (34%)

    By 8:30 in all: 4 mex · 16 wind (standard 12) · 1 geo · 1 Advanced Geothermal Powerplant · 12 converter · 1 energy storage

    The example game in this phase · 32 steps
    1. Converter ×5
    2. ButlerButler
    3. Converter
    4. FatboyFatboynot finished by 15:00
    5. Converter
    6. Radar TowerRadar Tower
    7. Converter ×2
    8. ButlerButler ×3
    9. Converter
    10. ButlerButler ×3
    11. Converter
    12. ButlerButler ×3
    13. Converter
    14. ButlerButler ×2
    15. Wind
    16. ButlerButler
    17. Converter
    18. Wind ×2
    19. GunslingerGunslingerdone 9:13
    20. Wind ×3
    21. Converter
    22. Wind ×3
    23. GunslingerGunslinger
    24. Wind ×3
    25. Converter
    26. Wind ×4
    27. SmugglerJammer bot
    28. Wind ×4
    29. CompassRadar bot
    30. Wind ×2
    31. Converter
    32. SharpshooterSniper botdone 9:47 · typical 8:51
  5. 5

    T2 bot snipers to 15:00

    Economy
    • Wind Turbine68Wind+48 vs standard
    • Energy Converter16Converter+12 vs standard
    Builders
    • Construction Turret3 Con turret +2 vs standard
    • Butler3 Butler +3 vs standard
    • Advanced Construction Bot1 T2 con bot for allies
    • Advanced Construction Bot1 T2 con bot
    Army
    • Sharpshooter5 Sniper bot +5 vs standard
    • Smuggler1 Jammer bot
    • Compass1 Radar bot

    Some games also: fusion (41%) · Welder (37%) · eat Advanced Bot Lab (34%)

    The standard build makes here, this one skips: 7 Jaguar

    By 15:00 in all: 4 mex · 78 wind (standard 36) · 1 geo · 1 Advanced Geothermal Powerplant · 27 converter (standard 19) · 1 energy storage

    The example game in this phase · 159 steps
    1. Wind ×8
    2. Converter
    3. Wind ×3
    4. SharpshooterSniper bot
    5. Wind ×2
    6. Converter
    7. Wind ×4
    8. Converter
    9. Wind ×5
    10. Converter
    11. Wind ×3
    12. SharpshooterSniper bot
    13. Wind ×3
    14. Converter
    15. Wind ×4
    16. Converter
    17. Wind ×5
    18. Converter
    19. Wind ×3
    20. SharpshooterSniper bot
    21. Wind ×2
    22. Converter
    23. Wind ×6
    24. Converter
    25. Wind ×4
    26. Converter
    27. Wind
    28. SharpshooterSniper bot
    29. Wind ×5
    30. Converter
    31. Wind ×5
    32. Converter
    33. Wind
    34. SharpshooterSniper bot
    35. Wind ×3
    36. Converter
    37. Wind ×6
    38. Converter
    39. Wind ×4
    40. Converter
    41. Wind ×2
    42. ArchangelArchangeldone 11:38
    43. Wind ×3
    44. Converter
    45. Wind ×3
    46. Sneaky PeteSneaky Pete
    47. Wind ×3
    48. Converter
    49. ArchangelArchangel
    50. Wind ×4
    51. Converter
    52. Wind ×5
    53. Converter
    54. Wind ×3
    55. GunslingerGunslinger
    56. Wind ×3
    57. Converter
    58. Wind ×4
    59. Converter
    60. Wind ×4
    61. GunslingerGunslinger
    62. Wind
    63. Converter
    64. Wind ×6
    65. Converter
    66. Wind ×2
    67. BeamerBeamer
    68. Wind
    69. SmugglerJammer bot
    70. Wind
    71. Converter
    72. Wind ×2
    73. CompassRadar bot
    74. Wind ×3
    75. Converter
    76. Wind ×6
    77. BeamerBeamer
    78. Converter
    79. Wind ×2
    80. ButlerButler
    81. Advanced Construction BotT2 con botfor Suicide front
    82. Converter
    83. Wind ×2
    84. BeholderBeholder
    85. SentrySentry
    86. Wind ×2
    87. Converter
    88. ButlerButler
    89. Wind ×3
    90. SentrySentry
    91. BeholderBeholder
    92. ButlerButler
    93. Converter
    94. Wind ×5
    95. BeholderBeholder
    96. Wind
    97. SentrySentry
    98. Metal storage
    99. Converter
    100. Wind ×3
    101. BeholderBeholder
    102. Wind ×2
    103. SharpshooterSniper bot
    104. Wind
    105. Converter
    106. Wind ×5
    107. Converter
    108. Wind ×2
    109. SentrySentry
    110. Wind ×3
    111. SharpshooterSniper bot
    112. Converter
    113. Wind ×6
    114. Converter
    115. BeholderBeholder
    116. Wind ×4
    117. Converter
    118. Wind ×2
    119. SharpshooterSniper bot
    120. TumbleweedRolling bomb
    121. Wind ×3
    122. Converter
    123. Wind
    124. TumbleweedRolling bomb
    125. Wind ×5
    126. TumbleweedRolling bomb
    127. Converter
    128. Wind ×2
    129. SharpshooterSniper bot
    130. Wind
    131. Advanced Construction BotT2 con bot
    132. Wind
    133. Converter
    134. Wind ×4
    135. Converter
    136. Wind
    137. Advanced Construction BotT2 con bot
    138. Wind ×3
    139. PrudePrudenot finished by 15:00
    140. Converter
    141. Wind ×4
    142. Con turret
    143. Wind
    144. Converter
    145. Wind ×4
    146. Advanced Metal ExtractorT2 mex
    147. Wind
    148. Converter
    149. Wind
    150. Con turret
    151. Wind ×3
    152. Converter
    153. Wind ×3
    154. Con turret
    155. Wind ×2
    156. Converter
    157. Wind ×6
    158. Converter
    159. Wind ×2

Counts are medians over the build's games: half of them build more, half fewer. The example game is [Crd]Mind_The_Gap's (40 OS, 13/10/2026); pick another.

Team trades

IN AT LEAST 30% OF ITS GAMES

You hand over

  • Lazarus1 Lazarus to Beach sea or Suicide frontfirst at 2:16 · in 73% of games
  • Construction Bot1 Con bot to Beach seafirst at 2:35 · in 83% of games
  • Advanced Construction Bot1 T2 con bot to Suicide front or Frontfirst at 8:44 · in 80% of games

You get

  • Hercules1 Light transport from Airfirst at 3:11 · in 39% of games
  • Advanced Construction Bot1 T2 con bot from Techfirst at 4:47 · in 73% of games

How it plays out

Typical game of this build against the role’s standard build, running totals by minute

  • This build
  • Standard geo

Metal produced

020k40k
0:005:0010:0015:00

metal

Enemy metal destroyed

05k10k15k
0:005:0010:0015:00

metal

Own metal lost

02k4k6k
0:005:0010:0015:00

metal

41 games.

Show as table
ByMetal produced: This buildMetal produced: Standard geoEnemy metal destroyed: This buildEnemy metal destroyed: Standard geoOwn metal lost: This buildOwn metal lost: Standard geo
1:003483330000
2:008678590000
3:00154515270000
4:00273126700000
5:00375136940000
6:00569456360000
7:0075368025210740
8:0010531113473102040
9:0013462144061104322384
10:001623917275786472260194
11:00193932012312011745543520
12:0022137229892881361813851605
13:0025487257334827587217882970
14:0028453285866084824530124420
15:00323163135572821020138925586
WHAT THE NUMBERS SAY

Team won less than the standard build despite the snipers' kills, and killed less enemy metal by 15:00 than standard.

  • + Reaches T2 bot lab far earlier than 86% norm of role
  • + Fields T2 bot support (jammer) when almost no one else does by 8:52
  • − Team win rate 35% vs 54% for standard build
  • − Metal produced trails standard by 10:00 (15895 vs 17434)
THE EXAMPLE YOU ARE READING

[Crd]Mind_The_Gap

39.7 OS · 13/10/2026

Open source match ↗

3 received units · includes a constructor
216 metal received · 121449 energy received

Allied construction assistance is unknown. Timings are observations, not a promise of solo reproducibility.

Typical milestones

Bot Lab1:12Middle 50%: 0:59–1:22 · n=41
Geothermal Powerplant3:29Middle 50%: 3:17–3:47 · n=39
Advanced Metal Extractor5:41Middle 50%: 5:28–6:00 · n=41
Advanced Geothermal Powerplant7:25Middle 50%: 7:02–8:23 · n=32
Advanced Bot Lab7:44Middle 50%: 5:33–8:12 · n=41
Sharpshooter8:51Middle 50%: 7:55–9:40 · n=41

Played most by

[NWP]Bertus99127games of this build[Crd]Mind_The_Gap5games of this buildImmort4games of this buildhaaven3games of this build_Trixtreous_1game of this build